 Dungeon Sprint DCSS version 0.28-a0-1387-g3a22ab9bdc (webtiles) character file.

Game seed: 9038693472518858085

5481 HallandMoats the Dissident (level 10, -5/90 HPs)
             Began as a Demonspawn Monk on Jan 3, 2022.
             Killed by divine providence
             ... invoked by an orc priest
              (16 damage)
             ... in the Dungeon (Sprint V: "Ziggurat Sprint").
             The game lasted 00:05:10 (639 turns).

HallandMoats the Dissident (Demonspawn Monk)         Turns: 639, Time: 00:05:11

Health: -5/90      AC: 27    Str: 22    XL:     10   Next: 42%
Magic:  22/22      EV:  0    Int: 11    God:
Gold:   0          SH: 29    Dex: 16    Spells: 9/9 levels left

rFire   + . .      SeeInvis +   a - +14 obsidian axe {vorpal, Mesm Drain Fly SInv}
rCold   + . .      Faith    .   b - +18 shield of the Gong {rElec rN+ Will+ EV-5}
rNeg    + . .      Spirit   .   r - +5 gold dragon scales
rPois   +          Reflect  .   (helmet restricted)
rElec   +          Harm     .   (no cloak)
rCorr   .          Rampage  +   (no gloves)
Will    +....      NoTele   +   t - +2 pair of boots {rampage}
Stlth   ..........              (no amulet)
HPRegen 0.25/turn               x - +6 ring of strength
MPRegen 0.18/turn               u - +4 ring of slaying

@: flying, mesmerised
A: antennae 2, yellow scales 2, powered by pain 1, spiny 1
a: no special abilities


You were in the Dungeon.
You visited 1 branch

Inventory:

Hand Weapons
 a - the +14 obsidian axe (weapon) {vorpal, Mesm Drain Fly SInv}
   (You found it in the Dungeon)

   It inflicts extra damage upon your enemies.
   It occasionally summons demons to assist the wielder when it strikes in
   combat.
   Its wielder is mesmerised by any visible foes.
   It cannot be unequipped while any foes are visible.
   SInv:      It lets you see invisible.
   Fly:       It grants you flight.
   Drain:     It drains your maximum health when unequipped.
 l - the +9 staff of Olgreb {rPois∞}
   (You found it in the Dungeon)

   If the wielder is skilled in Evocations, they can envenom those struck by it,
   dealing poison damage which bypasses armour.
   It enhances your poison magic.
   It grants immunity to poison.
   It can be evoked to radiate toxic energy, with effectiveness depending on
   Evocations skill.
Armour
 b - the +18 shield of the Gong (worn) {rElec rN+ Will+ EV-5}
   (You found it in the Dungeon)

   It is deafeningly noisy when blocking attacks.
   EV:        It affects your evasion (-5).
   rElec:     It insulates you from electricity.
   rN:        It protects you from negative energy.
   Will:      It increases your willpower.
 r - +5 gold dragon scales (worn)
 t - a +2 pair of boots of rampaging (worn)
Jewellery
 u - a +4 ring of slaying (right hand)
 x - a +6 ring of strength (left hand)
 y - a +6 ring of strength
Scrolls
 h - 4 scrolls of blinking
 n - 4 scrolls of amnesia
 o - 7 scrolls of fog
 p - 5 scrolls of identify
 q - 2 scrolls of fear
Potions
 c - 10 potions of curing
 d - 10 potions of heal wounds
 e - 5 potions of haste
 f - 7 potions of magic
 g - a potion of berserk rage
 i - 2 potions of brilliance
 j - a potion of invisibility
 k - 4 potions of resistance
 m - 5 potions of might
Miscellaneous
 s - a piece from Xom's chessboard (15/15)


   Skills:
 * Level 12.5 Fighting
 + Level 8.3 Axes
 + Level 7.9 Armour
 + Level 8.3 Dodging
 - Level 1.7 Stealth
 + Level 7.8 Shields
 * Level 17.9 Invocations


You had 9 spell levels left.
You didn't know any spells.
Your spell library contained the following spells:

 Spells                   Type           Power      Damage    Failure   Level
 Freeze                   Ice            0%         1d3       100%        1
 Magic Dart               Conj           0%         1d3       100%        1
 Call Imp                 Summ           0%         N/A       100%        2
 Frozen Ramparts          Ice            0%         1d2       100%        3
 Mephitic Cloud           Conj/Pois/Air  0%         N/A       100%        3
 Stone Arrow              Conj/Erth      0%         3d7       100%        3
 Animate Armour           Summ/Erth      0%         N/A       100%        4
 Cause Fear               Hex            0%         N/A       100%        4
 Fulminant Prism          Conj/Hex       0%         3d6       100%        4
 Hailstorm                Conj/Ice       0%         3d3       100%        4
 Iskenderun's Mystic Bla  Conj/Tloc      0%         2d3       100%        4
 Lee's Rapid Deconstruct  Erth           0%         3d5*      100%        5
 Dragon Form              Tmut           0%         N/A       100%        7
 Lehudib's Crystal Spear  Conj/Erth      0%         10d2      100%        8
 Dragon's Call            Summ           0%         N/A       100%        9


Dungeon Overview and Level Annotations

Branches:
Dungeon (1/1)

Altars:
Ashenzari
Cheibriados
Dithmenos
Elyvilon
Fedhas
Gozag
Hepliaklqana
Kikubaaqudgha
Makhleb
Nemelex Xobeh
Okawaru
Qazlal
Ru
Sif Muna
Trog
Uskayaw
Vehumet
Wu Jian
Xom
Yredelemnul
Zin
The Shining One
Beogh
Jiyva
Lugonu

Annotations:
D 1 transporter


Innate Abilities, Weirdness & Mutations

You have a pair of antennae on your head.
You are mostly covered in yellow scales. (AC +3)
You sometimes gain a little power by taking damage.
You are partially covered in sharp spines.


Message History

Beogh smites you!
* * * LOW HITPOINT WARNING * * *
Found eight items.
You swap places.
Found a transporter.
You rampage towards the orc priest!
Visions of slaying the orc priest flood into your mind.
You block the orc priest's attack.
BOUMMMMG!
You closely miss the orc priest. You closely miss the orc warrior.
You slash the orc wizard!
Visions of slaying the orc priest flood into your mind.
The orc priest hits your soul eater but does no damage.
You slash the orc priest!
The orc priest is almost dead.
You completely miss the orc warrior. You slash the orc wizard!
You open a gate to Pandemonium!
A demon appears!
You kill the orc wizard!
Visions of slaying the orc warrior flood into your mind.
Your soul eater barely misses the orc priest. x2
The orc priest invokes the aid of Beogh against you.
Beogh smites you!
* * * LOW HITPOINT WARNING * * *
The orc warrior closely misses your soul eater.
The orc warrior hits you with a +0 war axe.
* * * LOW HITPOINT WARNING * * *
The orc hits your soul eater with a +0 short sword.
The orc priest barely misses your soul eater.
Your soul eater barely misses the orc warrior.
You hit the orc priest.
You kill the orc priest!
You hit the orc warrior. You slash the orc warrior!
Visions of slaying the orc warrior flood into your mind.
You feel a little less agile now. You block the orc warrior's attack.
SHROANNG!
The orc warrior hits your soul eater with a +0 war axe.
The orc hits your soul eater with a +0 short sword.
The orc priest invokes the aid of Beogh against you.
Beogh smites you!
You die...

▓.......(.▓.▓...▓.▓
▓....©....▓...©...▓
▓▓▓▓▓▓▓▓▓▓▓▓▓▓▓▓▓▓▓
▓...8©8...▓..8©8..▓
▓..:|[)}..▓..))}..▓
▓...=:|...▓...)|..▓
▓...oo....▓.......▓
▓..oo)oo..▓.......▓
▓...3@3...▓...†...▓
▓....4....▓.......▓
▓......4..▓.▓...▓.▓
▓....©....▓...©...▓
▓▓▓▓▓▓▓▓▓▓▓▓▓▓▓▓▓▓▓


{{{{{ {{{{{ {{{{{ {{{{ You could see 2 orc warriors, 3 orc priests, an orc (ally
target), 2 friendly soul eaters, a friendly ice devil (summoned) and a friendly
chaos spawn (summoned).

Vanquished Creatures
  2 deep elf pyromancers (D)
  4 toenail golems (D)
  A wind drake (D)
  An air elemental (D)
  A water elemental (D)
  A necrophage (D)
  A wolf (D)
  5 centaurs (D)
  3 phantoms (D)
  An orc priest (D)
  An iguana (D)
  An orc wizard (D)
  An adder zombie (D)
  A bat skeleton (D)
  A jackal (D)
  2 quokka zombies (D)
27 creatures vanquished.

Vanquished Creatures (collateral kills)
  A deep elf knight (D)
  A deep elf archer (D)
  A cyclops (D)
  2 merfolk (D)
  A yak (D)
  2 centaurs (D)
  A bullfrog (D)
  An adder zombie (D)
  A jackal (D)
11 creatures vanquished.

Vanquished Creatures (others)
  A deep elf zephyrmancer (D)
1 creature vanquished.

Grand Total: 39 creatures vanquished

Notes
Turn   | Place    | Note
-------+----------+-------------------------------------------
     0 | D        | HallandMoats the Demonspawn Monk began the quest for the
                  | Orb.
     0 | D        | Reached XP level 1. HP: 18/18 MP: 1/1
     0 | D        | Found a shimmering blue altar of Sif Muna.
     0 | D        | Found a sacrificial altar of Ru.
     0 | D        | Found a bloodstained altar of Trog.
     0 | D        | Found a stormy altar of Qazlal.
     0 | D        | Found an iron altar of Okawaru.
     0 | D        | Found a sparkling altar of Nemelex Xobeh.
     0 | D        | Found a blossoming altar of Fedhas.
     0 | D        | Found the +6 Majin-Bo {vamp, MP+6 Int+6}
     0 | D        | Found the +9 heavy crossbow "Sniper" {vorpal, Acc+∞ SInv}
     0 | D        | Found the +10 dark maul {vorpal}
     0 | D        | Found the +15 Maxwell's patent armour {-Cast -Tele rElec
                  | Will+ rCorr}
     0 | D        | Found the +18 shield of the Gong {rElec rN+ Will+ EV-5}
     0 | D        | Found the +14 obsidian axe {vorpal, Mesm Drain Fly SInv}
     0 | D        | Found the +7 great mace "Firestarter" {inner flame, rF++}
     0 | D        | Found the +6 shillelagh "Devastator" {shatter}
     0 | D        | Found the +11 plutonium sword {Contam Stlth-}
     0 | D        | Found the +8 lance "Wyrmbane" {slay drac, rPois rF+ rC+
                  | AC+3}
     0 | D        | Found the +9 sword of Zonguldrok {reap}
     0 | D        | Found the +13 scythe of Curses {drain, Drain}
     0 | D        | Found the +5 sword of Power {vorpal}
     0 | D        | Found the +7 mace of Variability {chain chaos}
     0 | D        | Found the +7 Singing Sword {vorpal, sonic wave}
     0 | D        | Found the +8 storm bow {elec, penet}
     2 | D        | Found a transporter.
     2 | D        | Found an ancient bone altar of Kikubaaqudgha.
     2 | D        | Found a viscous altar of Jiyva.
     2 | D        | Found a corrupted altar of Lugonu.
     2 | D        | Found a hazy altar of Hepliaklqana.
     2 | D        | Found a burning altar of Makhleb.
     2 | D        | Found an opulent altar of Gozag.
    46 | D        | Reached skill level 9 in Invocations
    46 | D        | Gained mutation: You are partially covered in yellow
                  | scales. (AC +2) [demonic ancestry]
    46 | D        | Reached XP level 2. HP: 24/24 MP: 1/7
   107 | D        | Entered arena 2.
   107 | D        | Noticed an air elemental
   107 | D        | Noticed a deep elf pyromancer
   107 | D        | Found a transporter.
   108 | D        | Paralysed by an air elemental for 1 turns
   111 | D        | Killed a deep elf pyromancer
   112 | D        | Reached skill level 12 in Invocations
   112 | D        | Gained mutation: You have a pair of small antennae on your
                  | head. [demonic ancestry]
   112 | D        | Reached XP level 3. HP: 3/36 MP: 7/10
   112 | D        | Reached XP level 4. HP: 4/43 MP: 8/12
   112 | D        | Gained mutation: You sometimes gain a little power by
                  | taking damage. [demonic ancestry]
   112 | D        | Reached XP level 5. HP: 4/48 MP: 8/13
   112 | D        | Reached XP level 6. HP: 5/55 MP: 9/15
   112 | D        | Killed an air elemental
   113 | D        | Reached skill level 5 in Axes
   113 | D        | Reached skill level 5 in Dodging
   113 | D        | Reached skill level 13 in Invocations
   113 | D        | Reached XP level 7. HP: 6/60 MP: 9/16
   490 | D        | Entered arena 3.
   490 | D        | Found a transporter.
   507 | D        | Entered arena 4.
   507 | D        | Noticed a toenail golem
   507 | D        | Noticed a toenail golem
   507 | D        | Noticed a toenail golem
   507 | D        | Noticed a toenail golem
   507 | D        | Found a transporter.
   513 | D        | Killed a toenail golem
   514 | D        | Reached skill level 5 in Armour
   514 | D        | Reached skill level 5 in Shields
   515 | D        | Killed a toenail golem
   516 | D        | Reached skill level 14 in Invocations
   516 | D        | Gained mutation: You have a pair of antennae on your head.
                  | [demonic ancestry]
   516 | D        | Reached XP level 8. HP: 71/71 MP: 16/18
   516 | D        | Killed a toenail golem
   517 | D        | Reached skill level 15 in Invocations
   518 | D        | Killed a toenail golem
   519 | D        | Reached skill level 10 in Fighting
   519 | D        | Gained mutation: You are partially covered in sharp spines.
                  | [demonic ancestry]
   519 | D        | Reached XP level 9. HP: 78/78 MP: 16/20
   527 | D        | Entered arena 5.
   527 | D        | Found a transporter.
   540 | D        | Entered arena 6.
   540 | D        | Noticed a deep elf zephyrmancer
   540 | D        | Noticed a deep elf knight
   540 | D        | Noticed a deep elf archer
   540 | D        | Noticed a deep elf pyromancer
   540 | D        | Found a transporter.
   544 | D        | Killed a deep elf zephyrmancer
   548 | D        | Killed a deep elf pyromancer
   548 | D        | Killed a deep elf knight
   549 | D        | Reached skill level 16 in Invocations
   553 | D        | Killed a deep elf archer
   562 | D        | Entered arena 7.
   563 | D        | Found a transporter.
   565 | D        | Noticed a sun demon
   566 | D        | Reached skill level 17 in Invocations
   569 | D        | Gained mutation: You are mostly covered in yellow scales.
                  | (AC +3) [demonic ancestry]
   569 | D        | Reached XP level 10. HP: 67/89 MP: 22/22
   584 | D        | Entered arena 8.
   584 | D        | Found the +9 staff of Olgreb {rPois∞}
   585 | D        | Found a transporter.
   600 | D        | Entered arena 9.
   600 | D        | Noticed a cyclops
   601 | D        | Found a transporter.
   610 | D        | Killed a cyclops
   624 | D        | Acquired a +2 pair of boots of rampaging
   634 | D        | Entered arena 10.
   635 | D        | Found a transporter.
   639 | D        | Killed from afar by an orc priest

Illustrated notes

Levels and vault maps discovered:
D:        sprint_v [room_start, room_1, room_2, room_3, room_4, room_5, room_6,
          room_7, room_8, room_9, room_10, room_11, room_12, room_13, room_14,
          room_15, room_16, room_17, room_18, room_19, room_20, room_21,
          room_22, room_23, room_24, room_25, room_26, room_27]

Skill      XL: |  1  2  3  4  5  6  7  8  9 10 |
---------------+-------------------------------+-----
Invocations    | 9 12 13 14 15 17 | 17.9
Fighting       | 7 9 10 11 12 | 12.5
Axes           | 4 5 6 7 8 |  8.3
Armour         | 3 4 5 6 7 |  7.9
Dodging        | 4 5 6 7 8 |  8.3
Shields        | 3 4 5 6 7 |  7.8
Stealth        | |  1.7

Action                   |  1- 3 |  4- 6 |  7- 9 | 10-12 || total
-------------------------+-------+-------+-------+-------++-------
Melee: Broad axe         |     3 |     1 |    34 |    16 ||    54
  Use: Potion            |     2 |       |     3 |       ||     5
       Scroll            |       |       |       |     1 ||     1
 Stab: Invisible         |       |       |     3 |       ||     3
Armor: Gold dragon scale |     4 |       |    32 |     7 ||    43
Dodge: Dodged            |       |       |     3 |       ||     3
Block: Kite shield       |     8 |       |    64 |    28 ||   100

Table legend: (Time is in decaauts)
 A = Elapsed time spent in this place.
 B = Non-inter-level travel time spent in this place.
 C = Inter-level travel time spent in this place.
 D = Time resting spent in this place.
 E = Time spent auto-exploring this place.
 F = Levels seen in this place.
 G = Mean time per level.
                   A        B        C        D        E       F      G
               +--------+--------+--------+--------+--------+-----+--------+
         Total |    668 |    668 |      0 |    437 |      0 |   1 |  668.0 |
       Dungeon |    668 |    668 |      0 |    437 |      0 |   1 |  668.0 |
               +--------+--------+--------+--------+--------+-----+--------+

Top non-repeatable levels by time:
       D: 668 daAuts
